 Dungeon Crawl Stone Soup version 0.28.0-47-ge53b351184 (webtiles) character file.

Game seed: 351661049832642934

17591 pkoi the Archer (level 11, -2/91 HPs)
             Began as a Demigod Venom Mage on May 1, 2022.
             Slain by a yak (9 damage)
             ... on level 3 of the Lair of Beasts.
             The game lasted 00:21:38 (18139 turns).

pkoi the Archer (Demigod Venom Mage)               Turns: 18139, Time: 00:21:38

Health: -2/91      AC:  8    Str: 12    XL:     11   Next: 93%
Magic:  24/24      EV: 15    Int: 29    God:
Gold:   651        SH:  0    Dex: 14    Spells: 15/22 levels left

rFire   . . .      SeeInvis .   p - +6 shortbow of the Silent Majority {venom, rElec rC+}
rCold   + . .      Faith    .   (shield currently unavailable)
rNeg    . . .      Spirit   .   x - +0 troll leather armour
rPois   +          Reflect  .   (no helmet)
rElec   +          Harm     .   g - +1 cloak
rCorr   .          Rampage  .   (no gloves)
Will    +....                   E - +0 pair of boots
Stlth   ++........              s - amulet "Ydenid" {RegenMP Str+3}
HPRegen 1.05/turn               y - +4 ring of evasion
MPRegen 0.59/turn               v - ring of poison resistance

@: no status effects
A: high MP 1, forlorn, divine attributes
a: no special abilities


You were on level 3 of the Lair of Beasts.
You visited 3 branches of the dungeon, and saw 13 of its levels.

You collected 674 gold pieces.
You spent 23 gold pieces at shops.

Inventory:

Hand Weapons
 c - a +1 vampiric hand axe
 m - a +4 dagger of electrocution
 p - the +6 shortbow of the Silent Majority (weapon) {venom, rElec rC+}
   (You found it on level 4 of the Dungeon)

   Any ammunition fired from it poisons the flesh of those it strikes.
   rC:        It protects you from cold.
   rElec:     It insulates you from electricity.
 G - a +2 vorpal double sword
Missiles
 d - 16 poisoned darts
 q - 189 arrows (quivered ammo)
Armour
 a - a +0 robe
 g - a +1 cloak (worn)
 x - a +0 troll leather armour (worn)
 E - a +0 pair of boots (worn)
Magical Staves
 l - a staff of fire
Jewellery
 b - a ring of ice
 n - an amulet of the acrobat
 r - a ring of protection from cold
 s - the amulet "Ydenid" (around neck) {RegenMP Str+3}
   (You acquired it on level 4 of the Dungeon)

   [amulet of magic regeneration]

   It increases your rate of magic regeneration.
   Str:       It affects your strength (+3).
 v - a ring of poison resistance (right hand)
 y - a +4 ring of evasion (left hand)
Wands
 j - a wand of flame (9)
 u - a wand of iceblast (7)
 A - a wand of polymorph (6)
 H - a wand of mindburst (6)
Scrolls
 e - 6 scrolls of teleportation
 h - 4 scrolls of vulnerability
 i - 3 scrolls of amnesia
 w - 2 scrolls of fog
 z - 2 scrolls of blinking
Potions
 f - 3 potions of curing
 k - 3 potions of invisibility
 o - 2 potions of brilliance
 t - a potion of cancellation
 B - a potion of might
 C - 2 potions of attraction
 D - 3 potions of flight
 F - 3 potions of lignification
 I - a potion of heal wounds


   Skills:
 + Level 6.6 Fighting
 * Level 9.7 Bows
 + Level 5.8 Armour
 - Level 1.7 Dodging
 - Level 1.7 Stealth
 - Level 6.0 Spellcasting
 - Level 3.0 Transmutations
 - Level 3.0 Fire Magic
 - Level 3.0 Air Magic
 + Level 8.9 Poison Magic
 + Level 5.6 Evocations


You had 15 spell levels left.
You knew the following spells:

 Your Spells              Type           Power      Damage    Failure   Level
a - Sting                 Tmut/Pois      100%       1d8       1%          1
b - Poisonous Vapours     Pois/Air       86%        N/A       1%          2
c - Olgreb's Toxic Radia  Pois           57%        N/A       1%          4

Your spell library contained the following spells:

 Spells                   Type           Power      Damage    Failure   Level
 Spider Form              Tmut/Pois      43%        N/A       1%          3
 Mephitic Cloud           Conj/Pois/Air  31%        N/A       4%          3
 Passwall                 Tmut/Erth      14%        N/A       6%          2
 Swiftness                Air            26%        N/A       6%          3
 Ensorcelled Hibernation  Hex/Ice        16%        N/A       11%         2
 Anguish                  Hex/Necr       4%         N/A       56%         4


Dungeon Overview and Level Annotations

Branches:
Dungeon (9/15)             Temple (1/1) D:5            Lair (3/6) D:8
 Shoals (0/4) Lair:2          Orc (0/2) D:9
  Snake: Lair:2-4    Spider: Lair:2-4

Shops:
D:8 *

Annotations:
Lair:1 2 transporters, Brickman's ghost, journeyman DsCK


Innate Abilities, Weirdness & Mutations

You have an increased reservoir of magic. (+10% MP)
You shall have no god before yourself.
Your divine heritage dramatically boosts your attributes as you level up.


Message History

The black mamba poisons you!
You feel very sick. The black mamba bites you!
* * * LOW HITPOINT WARNING * * *
You feel very sick. The black mamba bites you.
* * * LOW HITPOINT WARNING * * *
You feel sick.
You kill the yak!
Unknown command.
You feel better.
The black mamba bites you but does no damage.
The black mamba bites you!
* * * LOW HITPOINT WARNING * * *
Unknown command.
Fire: 192 arrows
Press: ? - help, Q - select action, (/) - cycle Shift-Dir - straight line, f/p - black mamba
Aim: a black mamba (heavily wounded, very poisoned, 58% to hit)
You shoot an arrow. The arrow hits the black mamba!
The black mamba is severely wounded.
The black mamba closely misses you. The black mamba barely misses you.
Fire: 191 arrows
Press: ? - help, Q - select action, (/) - cycle Shift-Dir - straight line, f/p - black mamba
Aim: a black mamba (severely wounded, very poisoned, 58% to hit)
You shoot an arrow. The arrow hits the black mamba!
The black mamba is almost dead.
The black mamba bites you!
* * * LOW HITPOINT WARNING * * *
The yak closely misses you.
Fire: 190 arrows
Press: ? - help, Q - select action, (/) - cycle Shift-Dir - straight line, f/p - black mamba
Aim: a black mamba (almost dead, very poisoned, 58% to hit)
You shoot an arrow.
The arrow barely misses the black mamba.
The arrow hits the yak.
The yak looks as sick as possible!
The yak is heavily wounded.
The black mamba bites you.
* * * LOW HITPOINT WARNING * * *
The yak gores you!
You die...

............P..# #Y
............#..# #.
..#.P.#P..+#...###.## #..
................#..Y# #..#
................#+#Y#####.#.+
................#.8Y#.......#
..............###Y(.#.# ....#
...........###...S.†..##....#
...........##...@Y......#
.......#...##...........##
..........#.....#...##...#
P.#####.......###.8.###.....#
..........#...###...####..##..#
.........#...###.....# #...# ..
.........#<.8###..>..###8.>..
.....#.P.#....##......#....#..
.....#...##..###.....###.......


You could see a black mamba (very poisoned) and 5 yaks.

Vanquished Creatures
  3 hydras
  A two-headed ogre (D:6)
  Urug (Lair:1)
  6 elephants
  5 cane toads
  A troll (D:6)
  2 polar bears (Lair:3)
  A meliai zombie (D:9)
  Grinder (D:6)
  A snapping turtle (Lair:2)
  5 dream sheep (Lair:3)
  A spriggan (Lair:2)
  3 wyverns
  A vampire (D:9)
  22 yaks
  3 basilisks
  A steam dragon (D:7)
  4 water moccasins
  An orc warrior (D:9)
  An ice beast (D:7)
  A black bear (D:7)
  A hornet zombie (D:5)
  9 necrophages
  4 centaurs
  12 wolves
  A kobold brigand (D:9)
  4 bullfrogs
  5 scorpions
  3 wights (D:8)
  4 howler monkeys
  An electric eel (D:9)
  A bullfrog zombie (D:7)
  3 jellies
  A centaur skeleton (D:7)
  2 bullfrog skeletons (D:6)
  A centaur zombie (D:7)
  2 orc priests
  3 hounds
  A gnoll shaman (D:7)
  Jessica (D:2)
  An iguana (D:4)
  6 orc wizards
  A hound zombie (D:5)
  A howler monkey zombie (D:9)
  4 gnolls (D:7)
  6 adders
  A shadow imp (D:5)
  A white imp (D:6)
  A worm (D:3)
  6 dart slugs
  24 orcs
  10 endoplasms
  2 giant cockroaches
  3 goblins
  3 hobgoblins
  5 jackals
  13 kobolds
  3 quokkas
  6 ball pythons
  5 bats
  3 frilled lizards
  28 rats
257 creatures vanquished.

Vanquished Creatures (others)
  5 fungi
  8 plants
13 creatures vanquished.

Grand Total: 270 creatures vanquished

Notes
Turn   | Place    | Note
-------+----------+-------------------------------------------
     0 | D:1      | pkoi the Demigod Venom Mage began the quest for the Orb.
     0 | D:1      | Reached XP level 1. HP: 14/14 MP: 5/5
   622 | D:1      | Reached XP level 2. HP: 8/20 MP: 1/7
  1860 | D:2      | Reached XP level 3. HP: 26/26 MP: 5/8
  1899 | D:2      | Learned a level 2 spell: Poisonous Vapours
  2323 | D:2      | Noticed Jessica
  2328 | D:2      | Killed Jessica
  3212 | D:3      | Reached XP level 4. HP: 28/33 MP: 5/9
  4545 | D:3      | Reached skill level 5 in Poison Magic
  4545 | D:3      | Reached skill level 1 in Evocations
  4776 | D:3      | Reached skill level 1 in Transmutations
  4776 | D:3      | Reached XP level 5. HP: 28/38 MP: 5/10
  5543 | D:4      | Identified the +6 shortbow of the Silent Majority {venom,
                  | rElec rC+}
  6223 | D:4      | Learned a level 4 spell: Olgreb's Toxic Radiance
  6353 | D:4      | Reached skill level 1 in Air Magic
  6508 | D:4      | Identified a scroll of acquirement
  6508 | D:4      | Acquired the amulet "Ydenid" {RegenMP Str+3}
  6881 | D:5      | Entered Level 5 of the Dungeon
  6915 | D:5      | Noticed a necrophage
  6923 | D:5      | Killed a necrophage
  6924 | D:5      | Reached skill level 1 in Fire Magic
  6924 | D:5      | Reached XP level 6. HP: 32/46 MP: 10/12
  7314 | D:5      | Reached skill level 1 in Fighting
  7314 | D:5      | Reached skill level 1 in Bows
  7633 | D:5      | Found a staircase to the Ecumenical Temple.
  7691 | D:5      | Reached XP level 7. HP: 10/52 MP: 9/13
  8498 | D:6      | Noticed Grinder
  8521 | D:5      | Reached skill level 2 in Bows
  8701 | D:6      | Killed Grinder
  8795 | Temple   | Entered the Ecumenical Temple
  9160 | D:6      | Noticed a troll
  9161 | D:6      | Noticed a two-headed ogre
  9359 | D:6      | Killed a two-headed ogre
  9360 | D:6      | Reached skill level 3 in Bows
  9360 | D:6      | Reached XP level 8. HP: 24/62 MP: 15/15
  9753 | D:6      | Killed a troll
  9754 | D:6      | Reached skill level 4 in Bows
 10371 | D:7      | Reached skill level 1 in Armour
 10371 | D:7      | Reached XP level 9. HP: 69/69 MP: 17/17
 11162 | D:8      | Reached skill level 5 in Bows
 11785 | D:8      | Found Qioliac's Assorted Antiques.
 11800 | D:8      | Bought a glowing pink potion for 23 gold pieces
 11981 | D:8      | Found a staircase to the Lair.
 12133 | D:9      | Reached skill level 6 in Bows
 12653 | D:9      | Reached XP level 10. HP: 80/80 MP: 18/20
 12954 | D:9      | Found a staircase to the Orcish Mines.
 13975 | Lair:1   | Entered Level 1 of the Lair of Beasts
 14041 | Lair:1   | Noticed Urug
 14068 | Lair:1   | Killed Urug
 14187 | Lair:1   | Reached skill level 7 in Bows
 14457 | Lair:1   | Reached skill level 5 in Fighting
 14710 | Lair:1   | Noticed a spriggan rider
 14711 | Lair:1   | Noticed a moth of wrath
 14712 | Lair:1   | Noticed Brickman's ghost (journeyman DsCK)
 14717 | Lair:1   | Found a transporter.
 14724 | Lair:1   | Found a transporter.
 14724 | Lair:1   | Noticed a moth of wrath
 15050 | Lair:2   | Reached skill level 5 in Spellcasting
 15713 | Lair:2   | Reached skill level 8 in Bows
 16048 | Lair:2   | Noticed an elephant
 16048 | Lair:2   | Noticed an elephant
 16048 | Lair:2   | Noticed an elephant
 16049 | Lair:2   | Noticed an elephant
 16053 | Lair:2   | Noticed an elephant
 16069 | Lair:1   | Killed an elephant
 16070 | Lair:1   | Reached XP level 11. HP: 80/88 MP: 22/22
 16296 | Lair:2   | Noticed a seven-headed hydra
 16303 | Lair:2   | Killed a seven-headed hydra
 16433 | Lair:2   | Found a staircase to the Shoals.
 16509 | Lair:2   | Reached skill level 5 in Armour
 16692 | Lair:3   | Noticed a seven-headed hydra
 16699 | Lair:3   | Killed a seven-headed hydra
 16713 | Lair:2   | Reached skill level 9 in Bows
 16713 | Lair:2   | Reached skill level 5 in Evocations
 17674 | Lair:3   | Noticed an eight-headed hydra
 17683 | Lair:3   | Killed an eight-headed hydra
 18139 | Lair:3   | Slain by a yak

Illustrated notes

Levels and vault maps discovered:
D:1:      dpeg_arrival_ratfight, layout_rooms, shapermc_ecumenical_altar_pompeii
D:2:      layout_basic, minmay_tall_x, uniq_jessica
D:3:      layout_rooms, minmay_misc_feat_pillars
D:4:      layout_cave_pods, minmay_rat_hole
D:5:      layout_cave_pools, minmay_temple_entry_from_below_a
D:6:      minmay_chambers_of_sixes, layout_cave_pools, uniq_grinder
D:7:      layout_rooms
D:8:      layout_rooms, lair_entry_dummy, serial_shops, shop, kennysheep_doodads
D:9:      statuecave_lemuel, layout_long_grid, david_orc_2, serial_park_tiny_2
Temple:   nicolae_temple_the_god_donut
Lair:1:   layout_hall_layers, gammafunk_ghost_wrathful_warriors,
          patterned_corridor, lemuel_fruit_fields, uniq_urug
Lair:2:   layout_chaotic_city, minmay_shoals_entry_hut, roderic_carrion_pond
Lair:3:   layout_chaotic_city, grunt_megastairs_5, lemuel_fruit_tree

Skill      XL: |  1  2  3  4  5  6  7  8  9 10 11 |
---------------+----------------------------------+-----
Poison Magic   | 3 4 5 6 7 8 |  8.9
Evocations     | 1 2 3 4 5 |  5.6
Transmutations | 1 2 3 |  3.0
Spellcasting   | 2 3 4 5 6 |  6.0
Air Magic      | 1 2 3 |  3.0
Fire Magic     | 1 2 3 |  3.0
Fighting       | 1 2 3 4 5 6 |  6.6
Bows           | 1 3 4 6 8 9 |  9.7
Armour         | 1 3 4 5 |  5.8
Dodging        | |  1.7
Stealth        | |  1.7

Action                   |  1- 3 |  4- 6 |  7- 9 | 10-12 || total
-------------------------+-------+-------+-------+-------++-------
Melee: Unarmed           |    11 |       |       |       ||    11
       Punch             |     1 |       |       |       ||     1
       Hand axe          |    11 |     1 |       |       ||    12
       Dagger            |       |     2 |       |       ||     2
 Fire: Shortbow          |       |    72 |   185 |   330 ||   587
 Cast: Sting             |    82 |    64 |     6 |       ||   152
       Poisonous Vapours |       |     6 |    12 |    11 ||    29
       Olgreb's Toxic Ra |       |     2 |    11 |    26 ||    39
Evoke: Wand              |       |       |     3 |    21 ||    24
  Use: Scroll            |     4 |     5 |     5 |     6 ||    20
       Potion            |       |     1 |       |     1 ||     2
Armor: Robe              |     6 |    20 |     6 |       ||    32
       Troll leather arm |       |       |     6 |    59 ||    65
Dodge: Dodged            |    32 |    46 |    39 |   153 ||   270
